Kradschützen Motorcycle Team
Kradschützen Motorcycle Team
Construct Light Support Kompanie
Selects L6/40 Light Tank Combat Group
Panzerjäger Mechanized Group
L6/40 Light Tank Combat Group
Construct Panzerarmee Kommand
Pak 38 Anti-tank Gun Team
Selects Towed Cannone da 105/28 Field Howitzer
Towed Cannone da 105/28 Field Howitzer
Selects Defensive Operations
Walking Stuka Rocket Launcher
Selects Prepared Positions
Selects Obice 305mm Barrage
Pak 38 Anti-tank Gun Team
Construct Mechanized Kompanie